3AAA
ALASKAN HUMPBACKS @ PURE MICHIGAN GREAT LAKERS
08/23/2031
 
TOP OF THE 1ST
Alaskan Humpbacks batting - Pitching for Pure Michigan Great Lakers : RHP Luis Bustamante
Pitching: RHP Luis Bustamante
Batting: LHB Tim Stinson 0-0: Foul Ball, location: 2F
0-1: Swinging Strike
0-2: Ball
1-2: Ball
2-2: Fly out, F4 (Popup, 4)
Batting: LHB Craig Morgan 0-0: Ball
1-0: Ball
2-0: Called Strike
2-1: Fly out, F9 (Flyball, 9D)
Batting: RHB Doug Allerdale 0-0: Ball
1-0: Called Strike
1-1: Called Strike
1-2: Fly out, F7 (Flyball, 7)
Top of the 1st over - 0 runs, 0 hits, 0 errors, 0 left on base; Alaskan 0 - Pure Michigan 0
BOTTOM OF THE 1ST
Pure Michigan Great Lakers batting - Pitching for Alaskan Humpbacks : RHP Francisco Barrios
Pitching: RHP Francisco Barrios
Batting: LHB Michael Cochran 0-0: Ball
1-0: Fly out, F7 (Flyball, 7)
Batting: RHB Steve Irwin 0-0: Ball
1-0: SINGLE (Flyball, 8LS)
Batting: RHB Eric D'Angle 0-0: Ball
1-0: Swinging Strike
1-1: Called Strike
1-2: Ball
2-2: Ball
3-2: Foul Ball, location: 2F
3-2: Strikes out swinging
Batting: LHB Gilberto Moreno 0-0: Ball
1-0: Ball
2-0: Fielders Choice at 2nd, 5-4 (Groundball, 5)
Bottom of the 1st over - 0 runs, 1 hit, 0 errors, 1 left on base; Alaskan 0 - Pure Michigan 0
TOP OF THE 2ND
Alaskan Humpbacks batting - Pitching for Pure Michigan Great Lakers : RHP Luis Bustamante
Batting: LHB Danny Trautmann 0-0: Called Strike
0-1: Ball
1-1: Ball
2-1: Called Strike
2-2: Strikes out swinging
Batting: RHB Edgar Baeza 0-0: Ball
1-0: SINGLE (Line Drive, 89S)
Batting: RHB Jesús Torres 0-0: Grounds into double play, 4-6-3 (Groundball, 34)
Top of the 2nd over - 0 runs, 1 hit, 0 errors, 0 left on base; Alaskan 0 - Pure Michigan 0
BOTTOM OF THE 2ND
Pure Michigan Great Lakers batting - Pitching for Alaskan Humpbacks : RHP Francisco Barrios
Batting: SHB Tony Gutiérrez 0-0: Called Strike
0-1: Ball
1-1: Ground out 6-3 (Groundball, 6)
Batting: RHB Ramiro Gonzáles 0-0: Called Strike
0-1: Ball
1-1: Fly out, F7 (Flyball, 7S)
Batting: LHB Yin-reng Hsueh 0-0: Called Strike
0-1: Fly out, F3 (Line Drive, 3)
Bottom of the 2nd over - 0 runs, 0 hits, 0 errors, 0 left on base; Alaskan 0 - Pure Michigan 0
TOP OF THE 3RD
Alaskan Humpbacks batting - Pitching for Pure Michigan Great Lakers : RHP Luis Bustamante
Batting: LHB Dallas Ihde 0-0: Ball
1-0: Called Strike
1-1: Ground out 6-3 (Groundball, 6)
Batting: RHB Wally Briggs 0-0: Ball
1-0: Called Strike
1-1: Ball
2-1: Swinging Strike
2-2: Foul Ball, location: 2F
2-2: Strikes out looking
Batting: RHB Jean Chamissa 0-0: Called Strike
0-1: Ball
1-1: Ball
2-1: Swinging Strike
2-2: Strikes out swinging
Top of the 3rd over - 0 runs, 0 hits, 0 errors, 0 left on base; Alaskan 0 - Pure Michigan 0
BOTTOM OF THE 3RD
Pure Michigan Great Lakers batting - Pitching for Alaskan Humpbacks : RHP Francisco Barrios
Batting: RHB Hamilton Swan 0-0: Ball
1-0: Called Strike
1-1: Foul Ball, location: 2F
1-2: Strikes out swinging
Batting: RHB Turner Buccigross 0-0: Called Strike
0-1: Fly out, F7 (Flyball, 7)
Batting: LHB Michael Cochran 0-0: Ball
1-0: Called Strike
1-1: Swinging Strike
1-2: Ball
2-2: Foul Ball, location: 2F
2-2: Strikes out swinging
Bottom of the 3rd over - 0 runs, 0 hits, 0 errors, 0 left on base; Alaskan 0 - Pure Michigan 0
TOP OF THE 4TH
Alaskan Humpbacks batting - Pitching for Pure Michigan Great Lakers : RHP Luis Bustamante
Batting: LHB Tim Stinson 0-0: Ball
1-0: DOUBLE (Line Drive, 5D)
Batting: LHB Craig Morgan 0-0: Ball
1-0: Ball
2-0: Swinging Strike
2-1: Foul Ball, location: 2F
2-2: Ball
3-2: Base on Balls
Batting: RHB Doug Allerdale 0-0: Ball
1-0: Foul Ball, location: 2F
1-1: Foul Ball, location: 2F
1-2: Foul Ball, location: 2F
1-2: Ball
2-2: DOUBLE (Line Drive, 89D)
Tim Stinson scores
Craig Morgan to third
Batting: LHB Danny Trautmann 0-0: Ball
1-0: Swinging Strike
1-1: Ball
2-1: Called Strike
2-2: Foul Ball, location: 2F
2-2: Ball
3-2: Base on Balls
Batting: RHB Edgar Baeza 0-0: Called Strike
0-1: Foul Ball, location: 2F
0-2: Ball
1-2: Hit by Pitch
Craig Morgan scores
Doug Allerdale to third
Danny Trautmann to second
Batting: RHB Jesús Torres 0-0: Called Strike
0-1: Called Strike
0-2: Ball
Wild Pitch!
Doug Allerdale scores
Danny Trautmann to third
Edgar Baeza to second
1-2: Foul Ball, location: 2F
1-2: Ball
2-2: Ball
3-2: Fly out, F9 (Flyball, 9)
Batting: LHB Dallas Ihde 0-0: Ball
1-0: Foul Ball, location: 2F
1-1: Fly out, F8 (Line Drive, 78M)
Runner from 3rd tags up, SCORES, no throw
Batting: RHB Wally Briggs 0-0: Ball
1-0: Called Strike
1-1: Ball
2-1: Ground out 1-3 (Groundball, 13S)
Top of the 4th over - 4 runs, 2 hits, 0 errors, 1 left on base; Alaskan 4 - Pure Michigan 0
BOTTOM OF THE 4TH
Pure Michigan Great Lakers batting - Pitching for Alaskan Humpbacks : RHP Francisco Barrios
Batting: RHB Steve Irwin 0-0: Ball
1-0: Fly out, F9 (Flyball, 9LSF)
Batting: RHB Eric D'Angle 0-0: Ball
1-0: Called Strike
1-1: DOUBLE (Line Drive, 9D)
Batting: LHB Gilberto Moreno 0-0: Ball
1-0: Foul Ball, location: 2F
1-1: Ball
2-1: Fly out, F9 (Line Drive, 9D)
Runner from 2nd tags up, SAFE at 3rd, no throw
Batting: SHB Tony Gutiérrez 0-0: Called Strike
0-1: Ball
1-1: Foul Ball, location: 2F
1-2: Strikes out looking
Bottom of the 4th over - 0 runs, 1 hit, 0 errors, 1 left on base; Alaskan 4 - Pure Michigan 0
TOP OF THE 5TH
Alaskan Humpbacks batting - Pitching for Pure Michigan Great Lakers : RHP Luis Bustamante
Batting: RHB Jean Chamissa 0-0: Ball
1-0: Ball
2-0: Ball
3-0: Called Strike
3-1: SINGLE (Groundball, 4MD)
Batting: LHB Tim Stinson 0-0: Ball
1-0: Bunt missed!
1-1: Sac Bunt - play at first, batter OUT! 5-4
Jean Chamissa to second
Batting: LHB Craig Morgan 0-0: Intentional Walk
Batting: RHB Doug Allerdale 0-0: Ball
1-0: Fly out, F3 (Popup, 3SF)
Batting: LHB Danny Trautmann 0-0: Called Strike
0-1: Ball
1-1: Fly out, F9 (Flyball, 9LS)
Top of the 5th over - 0 runs, 1 hit, 0 errors, 2 left on base; Alaskan 4 - Pure Michigan 0
BOTTOM OF THE 5TH
Pure Michigan Great Lakers batting - Pitching for Alaskan Humpbacks : RHP Francisco Barrios
Batting: RHB Ramiro Gonzáles 0-0: SINGLE (Groundball, 6MD)
Batting: LHB Yin-reng Hsueh 0-0: Called Strike
0-1: Ball
1-1: Fielders Choice at 2nd, 4-6 (Groundball, 4)
Batting: RHB Hamilton Swan 0-0: Foul Ball, location: 2F
Balk!
Yin-reng Hsueh to second
0-1: Ball
Wild Pitch!
Yin-reng Hsueh to third
1-1: Swinging Strike
1-2: Strikes out swinging
Batting: RHB Turner Buccigross 0-0: Ball
1-0: Called Strike
1-1: Ball
2-1: Called Strike
2-2: Ball
3-2: Foul Ball, location: 2F
3-2: Foul Ball, location: 2F
3-2: Ground out 6-3 (Groundball, 6)
Bottom of the 5th over - 0 runs, 1 hit, 0 errors, 1 left on base; Alaskan 4 - Pure Michigan 0
TOP OF THE 6TH
Alaskan Humpbacks batting - Pitching for Pure Michigan Great Lakers : RHP Luis Bustamante
Batting: RHB Edgar Baeza 0-0: Swinging Strike
0-1: Foul Ball, location: 2F
0-2: Ball
1-2: Ball
2-2: Fly out, F7 (Flyball, 78D)
Batting: RHB Jesús Torres 0-0: Ball
1-0: Ball
2-0: Ground out U3 (Groundball, 3)
Batting: LHB Dallas Ihde 0-0: Reached on error, E6 (Groundball, 6)
Batting: RHB Wally Briggs 0-0: Called Strike
0-1: Ball
1-1: Ball
2-1: DOUBLE (Groundball, 5L)
Dallas Ihde to third
Runner from 3rd tries for Home, SAFE, no throw
Pitching: LHP Juan Soto
Batting: RHB Jean Chamissa 0-0: Called Strike
0-1: Ball
1-1: Foul Ball, location: 2F
1-2: Foul Ball, location: 2F
1-2: Strikes out swinging
Top of the 6th over - 1 run, 1 hit, 1 error, 1 left on base; Alaskan 5 - Pure Michigan 0
BOTTOM OF THE 6TH
Pure Michigan Great Lakers batting - Pitching for Alaskan Humpbacks : RHP Francisco Barrios
Batting: LHB Michael Cochran 0-0: Ground out 5-3 (Groundball, 5L)
Batting: RHB Steve Irwin 0-0: Swinging Strike
0-1: Foul Ball, location: 2F
0-2: Ball
1-2: Ball
2-2: Ball
3-2: Fly out, F7 (Flyball, 78S)
Batting: RHB Eric D'Angle 0-0: Ball
1-0: Called Strike
1-1: Fly out, F6 (Line Drive, 6)
Bottom of the 6th over - 0 runs, 0 hits, 0 errors, 0 left on base; Alaskan 5 - Pure Michigan 0
TOP OF THE 7TH
Alaskan Humpbacks batting - Pitching for Pure Michigan Great Lakers : LHP Juan Soto
Batting: LHB Tim Stinson 0-0: Foul Ball, location: 2F
0-1: Foul Ball, location: 2F
0-2: Ball
1-2: Fly out, F8 (Flyball, 8LD)
Batting: LHB Craig Morgan 0-0: Ball
1-0: Fly out, F5 (Popup, 15)
Batting: RHB Doug Allerdale 0-0: Ball
1-0: Called Strike
1-1: Ball
2-1: Swinging Strike
2-2: Ground out 3-1 (Groundball, 34)
Top of the 7th over - 0 runs, 0 hits, 0 errors, 0 left on base; Alaskan 5 - Pure Michigan 0
BOTTOM OF THE 7TH
Pure Michigan Great Lakers batting - Pitching for Alaskan Humpbacks : RHP Francisco Barrios
Batting: LHB Gilberto Moreno 0-0: Fly out, F8 (Flyball, 89D)
Batting: SHB Tony Gutiérrez 0-0: Ball
1-0: Foul Ball, location: 2F
1-1: TRIPLE (Line Drive, 78XD)
Batting: RHB Ramiro Gonzáles 0-0: Foul Ball, location: 2F
0-1: Called Strike
0-2: Strikes out looking
Batting: LHB Yin-reng Hsueh 0-0: Swinging Strike
0-1: Swinging Strike
0-2: Ball
1-2: Strikes out looking
Bottom of the 7th over - 0 runs, 1 hit, 0 errors, 1 left on base; Alaskan 5 - Pure Michigan 0
TOP OF THE 8TH
Alaskan Humpbacks batting - Pitching for Pure Michigan Great Lakers : LHP Juan Soto
Batting: LHB Danny Trautmann 0-0: Called Strike
0-1: Called Strike
0-2: Fly out, F8 (Flyball, 8RM)
Batting: RHB Edgar Baeza 0-0: Called Strike
0-1: Called Strike
0-2: Ball
1-2: Foul Ball, location: 2F
1-2: Ball
2-2: Ball
3-2: Base on Balls
Batting: RHB Jesús Torres 0-0: Ball
1-0: SINGLE (Line Drive, 56D)
Edgar Baeza to second
Batting: LHB Dallas Ihde 0-0: Called Strike
0-1: Ball
1-1: Fielders Choice at 2nd, 6-4 (Groundball, 6M)
Edgar Baeza to third
Batting: RHB Wally Briggs 0-0: Ground out U3 (Groundball, 34S)
Top of the 8th over - 0 runs, 1 hit, 0 errors, 2 left on base; Alaskan 5 - Pure Michigan 0
BOTTOM OF THE 8TH
Pure Michigan Great Lakers batting - Pitching for Alaskan Humpbacks : RHP Francisco Barrios
Batting: RHB Hamilton Swan 0-0: Fly out, F9 (Flyball, 9S)
Pitching: LHP Carlos Díaz
Batting: RHB Turner Buccigross 0-0: Foul Ball, location: 2F
0-1: Foul Ball, location: 2F
0-2: Foul Ball, location: 2F
0-2: Strikes out looking
Batting: LHB Michael Cochran 0-0: Ball
1-0: Swinging Strike
1-1: Ball
2-1: Swinging Strike
2-2: Fly out, F7 (Flyball, 7LM)
Bottom of the 8th over - 0 runs, 0 hits, 0 errors, 0 left on base; Alaskan 5 - Pure Michigan 0
TOP OF THE 9TH
Alaskan Humpbacks batting - Pitching for Pure Michigan Great Lakers : LHP Juan Soto
Batting: RHB Jean Chamissa 0-0: Swinging Strike
0-1: Ball
1-1: Ball
2-1: Fly out, F9 (Flyball, 9)
Batting: LHB Tim Stinson 0-0: Ball
1-0: Foul Ball, location: 2F
1-1: Ball
2-1: Ground out 1-3 (Groundball, P)
Batting: LHB Craig Morgan 0-0: Ball
1-0: Ball
2-0: Called Strike
2-1: Ball
3-1: Called Strike
3-2: Foul Ball, location: 2F
3-2: Strikes out swinging
Top of the 9th over - 0 runs, 0 hits, 0 errors, 0 left on base; Alaskan 5 - Pure Michigan 0
BOTTOM OF THE 9TH
Pure Michigan Great Lakers batting - Pitching for Alaskan Humpbacks : LHP Carlos Díaz
Batting: RHB Steve Irwin 0-0: Ball
1-0: Foul Ball, location: 2F
1-1: Called Strike
1-2: Ball
2-2: Ball
3-2: Ground out 6-3 (Groundball, 6S)
Batting: RHB Eric D'Angle 0-0: Called Strike
0-1: Ball
1-1: DOUBLE (Flyball, 8RXD)
Batting: LHB Gilberto Moreno 0-0: Called Strike
0-1: Foul Ball, location: 2F
0-2: Fly out, F3 (Line Drive, 34)
Batting: SHB Tony Gutiérrez 0-0: Ball
1-0: Swinging Strike
1-1: Ball
2-1: Ball
3-1: Swinging Strike
3-2: Foul Ball, location: 2F
3-2: Foul Ball, location: 2F
3-2: Foul Ball, location: 2F
3-2: Ground out 6-3 (Groundball, 6MS)
Bottom of the 9th over - 0 runs, 1 hit, 0 errors, 1 left on base; Alaskan 5 - Pure Michigan 0
Tuesday, June 12th, 2018 - OOTP Baseball 18.8 Build 76